 Dungeon Crawl Stone Soup version 0.29-a0-817-g9904bce7a6 (webtiles) character file.

Game seed: 2962534153442089976

167051 jt the Severer (level 17, -4/175 HPs)
             Began as a Naga Berserker on July 5, 2022.
             Was a High Priest of Trog.
             Slain by a merfolk
             ... wielding a +0 trident
              (14 damage)
             ... on level 4 of the Shoals on July 7, 2022.
             The game lasted 01:37:55 (30053 turns).

jt the Severer (Naga Berserker)                    Turns: 30053, Time: 01:37:57

Health: -4/175     AC: 28    Str: 24    XL:     17   Next: 61%
Magic:  17/17      EV:  7    Int:  9    God:    Trog [*****.]
Gold:   1911       SH:  5    Dex: 13    Spells: 16/16 levels left

rFire   + . .      SeeInvis +   a - +4 war axe (elec)
rCold   + . .      Faith    .   (no shield)
rNeg    + . .      Spirit   .   q - +2 plate armour {rF+}
rPois   +          Reflect  +   r - +0 helmet
rElec   .          Harm     .   y - +1 cloak
rCorr   .          Rampage  .   S - +2 pair of gloves {hurl}
Will    ++++.      Clarity  +   (no barding)
Stlth   ..........              j - amulet of reflection
HPRegen 1.39/turn               x - ring of protection from cold
MPRegen 0.15/turn               t - ring of positive energy

@: marked, strong-willed, spiked, regenerating, very slow
A: AC +5, large, see invisible, deformed body, poison resistance, slowness 2,
spit poison 2, naga tail 2, iridescent scales 1, clarity
}: 1/15 runes: gossamer
a: Breathe Poison Gas, Renounce Religion, Berserk, Trog's Hand, Brothers in Arms


You were on level 4 of the Shoals.
You worshipped Trog.
Trog was extremely pleased with you.
You visited 6 branches of the dungeon, and saw 28 of its levels.
You also visited: Sewer, Bailey and Volcano.

You collected 2241 gold pieces.
You spent 330 gold pieces at shops.

Inventory:

Hand Weapons
 a - a +4 war axe of electrocution (weapon)
 s - a +7 executioner's axe of electrocution
 B - a +0 demon trident of electrocution
 F - a +3 battleaxe of flaming
 W - a +6 broad axe of flaming
Missiles
 b - 2 throwing nets
 d - 31 poisoned darts
 m - 2 silver boomerangs
 C - 31 boomerangs (quivered)
 D - 3 javelins
Armour
 e - a +0 kite shield
 q - a +2 plate armour of fire resistance (worn)
 r - a +0 helmet (worn)
 y - a +1 cloak (worn)
 P - the +15 Maxwell's patent armour {-Cast -Tele rElec Will+ rCorr}
   (You found it on level 5 of the Lair of Beasts)

   rElec:     It insulates you from electricity.
   -Cast:     It prevents spellcasting.
   -Tele:     It prevents most forms of teleportation.
   rCorr:     It protects you from acid and corrosion.
   Will:      It increases your willpower.
 S - a +2 pair of gloves of hurling (worn)
 V - a scarf of resistance
Jewellery
 f - a ring of protection from fire
 g - a +4 ring of evasion
 j - an amulet of reflection (around neck)
 t - a ring of positive energy (right hand)
 x - a ring of protection from cold (left hand)
 T - a +6 ring of strength
Wands
 k - a wand of polymorph (6)
 p - a wand of charming (28)
 A - a wand of mindburst (21)
 E - a wand of roots (12)
 G - a wand of digging (8)
 R - a wand of flame (27)
Scrolls
 h - 3 scrolls of fog
 n - 2 scrolls of immolation
 u - 7 scrolls of fear
 w - 5 scrolls of teleportation
 z - 5 scrolls of poison
 N - 5 scrolls of blinking
 O - 2 scrolls of vulnerability
 U - a scroll of magic mapping
 X - 2 scrolls of enchant armour
 Y - a scroll of silence
Potions
 c - 7 potions of haste
 l - 2 potions of might
 o - 3 potions of mutation
 v - 5 potions of resistance
 H - 7 potions of invisibility
 J - a potion of heal wounds
 K - 5 potions of cancellation
 L - 6 potions of curing
 M - a potion of flight
 Q - 2 potions of magic
 Z - 5 potions of ambrosia
Miscellaneous
 I - a lightning rod (1/4)


   Skills:
 + Level 16.8 Fighting
 + Level 20.3 Axes
 - Level 4.0 Throwing
 + Level 13.5 Armour
 - Level 5.0 Dodging
 - Level 5.9 Evocations


You had 16 spell levels left.
You didn't know any spells.
Your spell library was empty.

Dungeon Overview and Level Annotations

Branches:
Dungeon (11/15)            Temple (1/1) D:4            Lair (6/6) D:11
 Shoals (4/4) Lair:2       Spider (4/4) Lair:4        Slime (0/5) Lair:5
    Orc (2/2) D:9             Elf (0/3) Orc:2         Sewer (visited)
 Bailey (visited)         Volcano (visited)

Altars:
Ashenzari
Cheibriados
Dithmenos
Elyvilon
Fedhas
Hepliaklqana
Kikubaaqudgha
Makhleb
Qazlal
Ru
Sif Muna
Trog
Uskayaw
Vehumet
Wu Jian
Xom
Yredelemnul
The Shining One
Lugonu

Shops:
Orc:2 :=*?   Shoals:3 *

Portals:
Abyss: D:4 Lair:6
Trove: D:10 (give +6 demon trident)

Annotations:
D:4 2 transporters, Zebulonius's ghost, amateur MiFi
Lair:3 exclusion: 3 oklob plants


Innate Abilities, Weirdness & Mutations

Your serpentine skin is tough. (AC +5)
You have supernaturally acute eyesight. (SInv)
Armour fits poorly on your strangely shaped body.
Your system is resistant to poisons. (rPois)
You cover ground very slowly.
You can exhale a cloud of poison.
You can use your snake-like lower body to constrict enemies.
You are partially covered in iridescent scales. (AC +2)
You possess an exceptional clarity of mind.


Message History

Some deep water.
Aiming: Thunderbolt
Press: ? - help, Shift-Dir - straight line, f - merfolk
Aim: a merfolk, wielding a +0 trident and quivering boomerangs (water, lightly wounded)
The thunderbolt hits the merfolk!
The merfolk is moderately wounded.
You have got your breath back.
You block the merfolk's attack.
The merfolk impaler is engulfed in blazing flames.
Aiming: Thunderbolt
Press: ? - help, Shift-Dir - straight line, f/p - merfolk
Aim: a merfolk, wielding a +0 trident and quivering boomerangs (water, moderately wounded)
The thunderbolt hits the merfolk!
The merfolk is heavily wounded.
A snapping turtle comes into view.
The merfolk impaler is engulfed in blazing flames.
The alligator snapping turtle is engulfed in blazing flames.
A merfolk siren comes into view. It is wielding a +1 spear of venom.
You block the merfolk's attack.
The wind drake is engulfed in a cloud of scalding steam.
Aiming: Thunderbolt
Press: ? - help, Shift-Dir - straight line, p - merfolk The thunderbolt hits the merfolk!
The merfolk is severely wounded.
The thunderbolt hits the wind drake!
The wind drake is heavily wounded.
The thunderbolt hits the manticore!
The manticore is moderately wounded.
The thunderbolt hits the alligator snapping turtle but does no damage.
The alligator snapping turtle is lightly wounded.
The thunderbolt hits the snapping turtle.
The snapping turtle is moderately wounded.
The manticore is engulfed in a cloud of scalding steam.
The manticore flicks its tail.
The volley of spikes hits you!!
The barbed spikes become lodged in your body.
* * * LOW HITPOINT WARNING * * *
The snapping turtle is engulfed in blazing flames.
The merfolk hits you from afar with a +0 trident!
You die...

≈≈≈≈≈≈≈≈≈≈≈≈≈≈..≈≈≈≈≈≈≈≈
≈≈≈≈≈≈≈≈≈≈≈≈≈≈...≈≈≈≈≈≈≈
≈≈≈≈≈≈≈≈≈≈≈≈≈≈..#)..≈≈≈≈≈
≈≈≈≈≈≈≈≈≈≈.≈≈≈.#####.≈≈≈≈≈
≈≈≈≈≈≈≈≈≈......# #..≈≈≈≈≈
≈≈≈≈≈≈≈≈..####.# ##.≈≈≈≈≈
≈≈≈≈≈≈≈≈..# ### ##.≈≈≈≈≈
≈≈≈≈≈≈≈≈..##### ##..≈≈≈≈.
≈≈≈≈≈≈≈..@...t####...≈≈≈.. ≈≈≈≈≈
#####≈≈≈≈≈§§k§tmt°.≈≈≈≈≈...
≈≈≈≈≈##≈≈≈##≈≈≈≈§mH§≈≈°○≈§≈≈≈≈...
≈≈≈≈≈#≈≈≈≈≈#.≈≈≈≈≈≈≈☼○≈m≈≈≈≈≈≈...
≈≈≈≈≈#≈≈≈..#..≈≈≈≈≈≈≈≈≈≈m≈≈≈≈≈...
≈≈≈≈≈#≈≈)..#..≈≈.≈≈≈.H≈≈≈≈≈≈≈....
≈≈≈≈≈##...##..≈≈.≈≈≈≈≈≈≈≈≈≈≈≈≈...
≈≈≈≈≈≈##'##....≈..≈≈≈≈≈≈≈≈≈≈≈≈..(
≈≈≈≈≈÷≈............≈≈≈≈≈≈≈...≈≈..


You could see an alligator snapping turtle, a merfolk impaler, a merfolk
javelineer, 2 snapping turtles, a wind drake (repels missiles), a merfolk and a
manticore.

Vanquished Creatures
  Arachne (Spider:4)
  Mlioglotl (Spider:4)
  Agnes (Spider:4)
  5 emperor scorpions (Spider:4)
  4 ghost moths (Spider:4)
  2 orc warlords
  5 broodmothers
  2 entropy weavers (Spider:2)
  Azrael (Spider:2)
  3 merfolk impalers (Shoals:3)
  7 hydras
  A boulder beetle (Lair:3)
  A jorogumo (Spider:2)
  2 radroaches
  A catoblepas (Lair:6)
  2 alligator snapping turtles
  A two-headed ogre (D:8)
  A satyr (Shoals:3)
  3 thrashing horrors (Lair:6)
  A fire crab (Lair:6)
  2 pharaoh ants
  4 steelbarb worms
  8 sea snakes
  8 orb spiders
  A lindwurm (Lair:2)
  Pikel (D:5)
  3 harpies (Shoals:4)
  10 orc sorcerers
  6 ugly things (Lair:6)
  A cyclops (Shoals:1)
  4 fauns
  15 wolf spiders
  9 manticores
  Maurice (D:10)
  15 elephants
  A black mamba (Lair:6)
  A smoke demon (Lair:6)
  A water nymph (Shoals:3)
  7 merfolk sirens
  Joseph (Lair:1)
  A rime drake (Lair:1)
  An unseen horror (D:10)
  A torpor snail (Lair:3)
  A gargoyle (Volcano)
  19 cane toads
  A demonic crawler (Spider:4)
  13 komodo dragons
  17 merfolk
  An ancient zyme (Lair:6)
  3 trolls
  3 wind drakes
  2 hornets (D:9)
  34 blink frogs
  15 tarantellas
  4 dream sheep
  Prince Ribbit (D:5)
  4 snapping turtles (Shoals:4)
  9 jumping spiders
  3 shadows (D:9)
  9 culicivoras
  59 yaks
  2 wyverns
  Eustachio (D:4)
  3 ynoxinuls (Lair:6)
  A water elemental (Shoals:4)
  3 fire elementals (Spider:2)
  A steam dragon (Lair:3)
  2 wraiths
  A hog (shapeshifter) (Lair:6)
  2 vampire mosquitoes (D:10)
  A chaos spawn (Lair:6)
  8 basilisks
  12 redbacks
  A two-headed ogre zombie (D:9)
  10 wargs
  4 hell hounds (Spider:2)
  5 ice beasts
  18 water moccasins
  15 orc warriors
  2 sky beasts
  4 ogres
  28 wolves
  2 centaurs
  3 lemures (D:5)
  2 phantoms
  The ghost of Peppero the Magician, an amateur DEAE (D:3)
  An earth elemental (Volcano)
  2 kobold brigands
  Blork the orc (D:4)
  A necrophage (D:5)
  7 bullfrogs
  A scorpion (D:5)
  10 wights
  3 troll zombies (D:9)
  21 killer bees
  An electric eel (Lair:5)
  4 howler monkeys
  9 small abominations (Lair:6)
  3 jellies
  7 orc priests
  A hound (D:7)
  4 iguanas
  29 orc wizards
  4 ogre zombies (D:9)
  13 gnolls
  13 adders
  A white imp (D:5)
  3 ufetubi
  3 dart slugs
  66 orcs
  10 ball pythons
  4 bats
  9 endoplasms
  5 giant cockroaches
  12 goblins
  13 hobgoblins
  3 jackals
  3 frilled lizards
  3 goblin skeletons (D:9)
  A goblin zombie (D:9)
  4 hobgoblin skeletons (D:9)
  3 hobgoblin zombies (D:9)
  33 kobolds
  2 orc skeletons (D:9)
  12 orc zombies (D:9)
  6 rats
  3 bushes (D:5)
811 creatures vanquished.

Vanquished Creatures (collateral kills)
  Asterion (Spider:4)
  An emperor scorpion (Spider:4)
  A culicivora (Spider:4)
  An orc warrior (Orc:1)
4 creatures vanquished.

Vanquished Creatures (others)
  A ghost moth (Spider:2)
  A jumping spider (Spider:4)
  A hell hound (Spider:2)
  An orc wizard (Orc:2)
  An orc (Orc:2)
  A hobgoblin (D:3)
  32 fungi
  58 plants
96 creatures vanquished.

Grand Total: 911 creatures vanquished

Notes
Turn   | Place    | Note
-------+----------+-------------------------------------------
     0 | D:1      | jt the Naga Berserker began the quest for the Orb.
     0 | D:1      | Reached XP level 1. HP: 21/21 MP: 1/1
   238 | D:1      | Reached XP level 2. HP: 25/28 MP: 2/2
   751 | D:1      | Reached skill level 4 in Axes
   987 | D:2      | Reached XP level 3. HP: 34/34 MP: 3/3
  1007 | D:2      | Found a faded altar of an unknown god.
  1980 | D:3      | Gained mutation: You possess an exceptional clarity of
                  | mind. [potion of mutation]
  1980 | D:3      | Gained mutation: You can exhale a cloud of poison. [potion
                  | of mutation]
  1980 | D:3      | Gained mutation: You are partially covered in iridescent
                  | scales. (AC +2) [potion of mutation]
  1982 | D:3      | Reached XP level 4. HP: 9/42 MP: 4/4
  1989 | D:3      | Reached skill level 5 in Axes
  2017 | D:3      | Reached ** piety under Trog
  2353 | D:3      | Reached XP level 5. HP: 49/49 MP: 5/5
  2450 | D:3      | Found a runed translucent gate.
  2451 | D:3      | Found a runed translucent gate.
  2451 | D:3      | Noticed Peppero's ghost (amateur DEAE)
  2452 | D:3      | Found a runed translucent gate.
  3076 | D:3      | Killed Peppero's ghost
  3077 | D:3      | Reached skill level 6 in Axes
  3177 | D:4      | Found a transporter.
  3179 | D:4      | Noticed Eustachio
  3205 | D:4      | Killed Eustachio
  3206 | D:4      | Reached skill level 7 in Axes
  3206 | D:4      | Reached XP level 6. HP: 52/56 MP: 6/6
  3235 | D:4      | Found a staircase to the Ecumenical Temple.
  3244 | Temple   | Entered the Ecumenical Temple
  3447 | D:4      | Reached XP level 7. HP: 62/62 MP: 7/7
  3598 | D:4      | Reached skill level 8 in Axes
  3719 | D:4      | Found a transporter.
  3723 | D:4      | Noticed Zebulonius's ghost (amateur MiFi)
  3762 | D:4      | Found a one-way gate to the infinite horrors of the Abyss.
  3814 | D:4      | Noticed Blork the orc
  3820 | D:4      | Killed Blork the orc
  4088 | D:5      | Entered Level 5 of the Dungeon
  4249 | D:5      | Reached skill level 9 in Axes
  4249 | D:5      | Reached XP level 8. HP: 30/69 MP: 8/8
  5157 | D:5      | Noticed Prince Ribbit
  5164 | D:5      | Killed Prince Ribbit
  5165 | D:5      | Reached skill level 10 in Axes
  5243 | D:5      | Noticed Pikel
  5251 | D:5      | Killed Pikel
  5252 | D:5      | Reached XP level 9. HP: 75/75 MP: 9/9
  5704 | D:6      | Reached skill level 11 in Axes
  5847 | D:6      | Found a glowing drain.
  5865 | Sewer    | Entered a sewer
  5962 | Sewer    | Reached *** piety under Trog
  6371 | D:6      | Reached skill level 5 in Armour
  7106 | D:7      | Reached skill level 12 in Axes
  7155 | D:7      | Found a sacrificial altar of Ru.
  7155 | D:7      | Found a snail-covered altar of Cheibriados.
  7317 | D:7      | Reached XP level 10. HP: 84/84 MP: 10/10
  7358 | D:7      | Reached skill level 13 in Axes
  7718 | D:8      | You fall into a shaft and drop 1 floor!
  8123 | D:8      | Reached skill level 5 in Fighting
  8125 | D:8      | Noticed a two-headed ogre
  8141 | D:8      | Killed a two-headed ogre
  8142 | D:8      | Reached skill level 14 in Axes
  8142 | D:8      | Reached skill level 1 in Evocations
  8179 | D:8      | Reached **** piety under Trog
  8195 | D:8      | Reached XP level 11. HP: 97/97 MP: 11/11
  9585 | D:9      | Found a staircase to the Orcish Mines.
 10005 | D:9      | Found a shadowy altar of Dithmenos.
 10044 | D:9      | Reached ***** piety under Trog
 10393 | Orc:1    | Entered Level 1 of the Orcish Mines
 10393 | Orc:1    | Noticed an orc warlord
 10393 | Orc:1    | Noticed an orc sorcerer
 10398 | Orc:1    | Killed an orc sorcerer
 10399 | Orc:1    | Reached skill level 5 in Evocations
 10409 | Orc:1    | Killed an orc warlord
 10410 | Orc:1    | Reached skill level 15 in Axes
 10531 | Orc:1    | Found a dark tunnel.
 10601 | Volcano  | Entered a volcano
 11027 | Orc:2    | Entered Level 2 of the Orcish Mines
 11382 | Orc:2    | Noticed an orc sorcerer
 11386 | Orc:2    | Identified the +9 dire flail of the Feather {vorpal, *Slow
                  | Str+6} (Trog gifted it to you on level 2 of the Orcish
                  | Mines)
 11386 | Orc:2    | Received a gift from Trog
 11387 | Orc:2    | Killed an orc sorcerer
 11388 | Orc:2    | Reached XP level 12. HP: 66/111 MP: 12/12
 11611 | Orc:2    | Found Qeysax's Jewellery Shop.
 11611 | Orc:2    | Found Vuusatecu's Book Emporium.
 12050 | Orc:2    | Found Jeyjiewu's Magic Scroll Shop.
 12050 | Orc:2    | Found Ygomo's General Store.
 12324 | Orc:2    | Paralysed by an orc sorcerer for 5 turns
 12355 | Orc:2    | Bought a scroll of blinking for 105 gold pieces
 12355 | Orc:2    | Bought a scroll of enchant armour for 105 gold pieces
 12561 | Orc:2    | Found a staircase to the Elven Halls.
 12743 | D:10     | Entered Level 10 of the Dungeon
 12873 | D:10     | Found a portal to a secret trove of treasure.
 12903 | D:10     | Found a flagged portal.
 12953 | Bailey   | Entered a bailey
 12958 | Bailey   | Noticed an orc warlord
 13069 | Bailey   | Found a runed translucent gate.
 13074 | Bailey   | Found a runed translucent gate.
 13075 | Bailey   | Found a runed translucent gate.
 13175 | Bailey   | Killed an orc warlord
 13176 | Bailey   | Reached skill level 10 in Fighting
 13176 | Bailey   | Reached skill level 16 in Axes
 13282 | D:10     | Received a gift from Trog
 13330 | D:10     | Noticed a six-headed hydra
 13338 | D:10     | Killed a three-headed hydra
 13374 | D:10     | Gained mutation: You can use your snake-like lower body to
                  | constrict enemies. [Naga growth]
 13374 | D:10     | Reached XP level 13. HP: 120/124 MP: 13/13
 13428 | D:10     | Noticed Maurice
 13437 | D:10     | Killed Maurice
 13483 | D:10     | Acquired a +6 executioner's axe of electrocution
 13484 | D:10     | Acquired a manual of Armour
 13908 | D:11     | Found a staircase to the Lair.
 13939 | Lair:1   | Entered Level 1 of the Lair of Beasts
 14033 | Lair:1   | Noticed Joseph
 14049 | Lair:1   | Killed Joseph
 15525 | Lair:2   | Found a staircase to the Shoals.
 16071 | Lair:2   | Received a gift from Trog
 16072 | Lair:2   | Reached skill level 10 in Armour
 17095 | Lair:3   | Reached skill level 17 in Axes
 17111 | Lair:3   | Reached XP level 14. HP: 137/138 MP: 14/14
 17356 | Lair:3   | Reached XP level 15. HP: 146/146 MP: 15/15
 17928 | Lair:4   | Identified the +6 flail of the Heavens {drain, rPois}
 18444 | Lair:4   | Found a hole to the Spider Nest.
 18823 | Lair:5   | Found a staircase to the Slime Pits.
 18963 | Lair:5   | Found the +15 Maxwell's patent armour {-Cast -Tele rElec
                  | Will+ rCorr}
 19008 | Lair:5   | Reached skill level 1 in Throwing
 19855 | Lair:6   | Entered Level 6 of the Lair of Beasts
 21520 | Lair:6   | Reached ****** piety under Trog
 21629 | Lair:6   | Reached skill level 18 in Axes
 21721 | Lair:6   | Found a corrupted altar of Lugonu.
 21731 | Lair:6   | Reached XP level 16. HP: 133/158 MP: 16/16
 22068 | Spider:1 | Entered Level 1 of the Spider Nest
 22270 | Spider:2 | Reached skill level 5 in Dodging
 22348 | Spider:2 | Received a gift from Trog
 22998 | Spider:2 | Noticed Azrael
 23018 | Spider:2 | Killed Azrael
 23283 | Spider:4 | Entered Level 4 of the Spider Nest
 23569 | Spider:4 | Noticed Asterion
 23576 | Spider:4 | Noticed Mlioglotl
 23576 | Spider:4 | Killed Asterion
 23594 | Spider:4 | Killed Mlioglotl
 24024 | Spider:4 | Reached skill level 15 in Fighting
 24039 | Spider:4 | Noticed Agnes
 24047 | Spider:4 | Killed Agnes
 24048 | Spider:4 | Reached skill level 19 in Axes
 25081 | Spider:4 | Noticed Arachne
 25102 | Spider:4 | Killed Arachne
 25755 | Spider:4 | Reached XP level 17. HP: 172/172 MP: 1/17
 26781 | Spider:4 | Got a gossamer rune of Zot
 27002 | Shoals:1 | Entered Level 1 of the Shoals
 27713 | Shoals:3 | Received a gift from Trog
 27730 | Shoals:3 | Reached skill level 20 in Axes
 28861 | Shoals:3 | Found Fytaplitubb's Assorted Antiques.
 28870 | Shoals:3 | Bought a potion of curing for 120 gold pieces
 29051 | Shoals:4 | Entered Level 4 of the Shoals
 30053 | Shoals:4 | Slain by a merfolk

Illustrated notes

Levels and vault maps discovered:
D:1:      evilmike_arrival_plus, layout_loops_ring, minmay_hexomino_c4
D:2:      layout_basic, shapermc_ecumenical_altar_rom_forum,
          amcnicky_mini_corridor_feature, minmay_misc_feat_ornament,
          minivault_14
D:3:      layout_basic, gammafunk_ghost_split, mrwooster_statue_mirror
D:4:      layout_gridville, minmay_temple_entry_waves,
          gammafunk_ghost_abyssal_escape, grunt_decor_mini_mirrors,
          minmay_circle_x, uniq_eustachio, uniq_blork_the_orc
D:5:      layout_basic, minmay_hedge_maze, uniq_prince_ribbit1, uniq_pikel
D:6:      layout_basic, cheibrodos_sewer_entry_drain
D:7:      layout_rooms, gammafunk_temple_overflow_wave, serial_park_tiny_2
D:8:      layout_layer_cave, small_statue_alley_b
D:9:      layout_loops_ring, lemuel_round_altar, zombieorc2_lemuel,
          grunt_ministairs_5
D:10:     layout_irregular_city, enter_trove_3, enter_bailey_8, uniq_maurice
D:11:     layout_cross, lair_entry_dummy, uniq_lodul
Temple:   nicolae_temple_bog_church
Lair:1:   layout_cave_pods, beast_lair_carwin_6, uniq_joseph
Lair:2:   nzn_winding_woodlands_small [nzn_winding_woodlands_5x15_sidewinder,
          nzn_winding_woodlands_center_lodge,
          nzn_winding_woodlands_5x15_crooked], layout_gridlike,
          elwin_shoals_entry_stream
Lair:3:   dpeg_oklob_gauntlet, layout_cave_pods, lemuel_oklob_altar,
          infiniplex_staircase_pool_2, grunt_megastairs_5
Lair:4:   layout_loops_ring, nicolae_spider_entry_orb_guardian,
          columned_hall_lemuel
Lair:5:   layout_cave_pods, slime_entry_1, dreamdust_deal_with_the_devil,
          nicolae_quartered_pool_impasse, serial_bayou_shore_a
Lair:6:   hellmonk_lair_end_abyssal_woods, layout_layer_cave,
          serial_bayou_pond_c
Shoals:1: layout_shoals
Shoals:2: layout_shoals
Shoals:3: dreamdust_from_the_deep, layout_shoals, serial_shops,
          nicolae_lakefront_shop
Shoals:4: shoals_end_simple, layout_shoals, uniq_polyphemus
Spider:1: layout_chambers
Spider:2: layout_spider_delve, uniq_donald, uniq_azrael
Spider:3: layout_spider_delve
Spider:4: guppyfry_spider_rune, uniq_mlioglotl, uniq_agnes, uniq_asterion,
          uniq_arachne
Orc:1:    layout_caves, nicolae_volcano_entry_s_turn
Orc:2:    st_orc_town, layout_caves, statue_in_the_mist_lemuel

Skill      XL: |  1  2  3  4  5  6  7  8  9 10 11 12 13 14 15 16 17 |
---------------+----------------------------------------------------+-----
Axes           | 4 5 7 9 10 12 14 15 16 17 18 19 20 | 20.3
Armour         | 4 5 7 10 11 13 | 13.5
Fighting       | 6 8 10 12 13 15 16 | 16.8
Evocations     | 2 5 |  5.9
Dodging        | 4 5 |  5.0
Throwing       | 3 4 |  4.0

Action                   |  1- 3 |  4- 6 |  7- 9 | 10-12 | 13-15 | 16-18 || total
-------------------------+-------+-------+-------+-------+-------+-------++-------
Melee: Hand axe          |    65 |    43 |   192 |     6 |       |       ||   306
       War axe           |       |       |    58 |   540 |   184 |    60 ||   842
       Whip              |       |       |     5 |       |       |       ||     5
       Punch             |       |       |     2 |     7 |     9 |    15 ||    33
       Battleaxe         |       |       |       |     9 |    15 |       ||    24
       Glaive            |       |       |       |     1 |       |       ||     1
       Constrict         |       |       |       |       |   125 |    77 ||   202
       Broad axe         |       |       |       |       |   383 |   395 ||   778
       Demon trident     |       |       |       |       |       |     1 ||     1
Throw: Dart              |       |     5 |     2 |     8 |       |       ||    15
       Boomerang         |       |       |       |     1 |     8 |    84 ||    93
Invok: Berserk           |       |     1 |     7 |     8 |     1 |     8 ||    25
       Trog's Hand       |       |       |       |     6 |       |     5 ||    11
       Brothers in Arms  |       |       |       |     1 |       |     2 ||     3
 Abil: Spit Poison       |    26 |       |       |       |       |       ||    26
       Breathe Poison Ga |       |    14 |    20 |    31 |    15 |    71 ||   151
Evoke: Wand              |       |       |       |     7 |       |     9 ||    16
       Lightning rod     |       |       |       |       |       |     9 ||     9
  Use: Scroll            |     4 |     3 |     5 |     9 |     8 |     2 ||    31
       Potion            |     3 |     2 |       |     4 |     1 |     3 ||    13
 Stab: Petrified         |       |       |       |       |     1 |       ||     1
Armor: Animal skin       |     8 |       |       |       |       |       ||     8
       Ring mail         |     2 |    30 |    16 |       |       |       ||    48
       Scale mail        |       |       |    73 |    89 |       |       ||   162
       Plate armour      |       |       |       |   176 |   376 |   442 ||   994
Dodge: Dodged            |    36 |    24 |    75 |   124 |   116 |   156 ||   531
Block: Other             |       |     9 |    35 |   103 |   101 |   109 ||   357
       Reflection        |       |     2 |       |     2 |       |     9 ||    13

Table legend: (Time is in decaauts)
 A = Elapsed time spent in this place.
 B = Non-inter-level travel time spent in this place.
 C = Inter-level travel time spent in this place.
 D = Time resting spent in this place.
 E = Time spent auto-exploring this place.
 F = Levels seen in this place.
 G = Mean time per level.
                   A        B        C        D        E       F      G
               +--------+--------+--------+--------+--------+-----+--------+
         Total |  36199 |  34479 |   1720 |   9681 |  14977 |  31 | 1167.7 |
       Dungeon |  13750 |  13251 |    499 |   2353 |   7373 |  11 | 1250.0 |
        Temple |     60 |     35 |     25 |      0 |      0 |   1 |   60.0 |
          Lair |  10223 |   9672 |    551 |   1255 |   6389 |   6 | 1703.8 |
        Shoals |   3438 |   3299 |    139 |   2006 |      0 |   4 |  859.5 |
   Spider Nest |   5296 |   4863 |    433 |   2860 |    452 |   4 | 1324.0 |
  Orcish Mines |   2305 |   2235 |     70 |    784 |    641 |   2 | 1152.5 |
         Sewer |    417 |    417 |      0 |     93 |    120 |   1 |  417.0 |
        Bailey |    357 |    357 |      0 |     36 |      0 |   1 |  357.0 |
       Volcano |    350 |    350 |      0 |    292 |      0 |   1 |  350.0 |
               +--------+--------+--------+--------+--------+-----+--------+

Top non-repeatable levels by time:
Spider:4: 3465 daAuts
  Lair:6: 2358 daAuts
  Lair:2: 1972 daAuts
     D:5: 1869 daAuts
     D:9: 1752 daAuts
  Lair:5: 1660 daAuts
     D:8: 1620 daAuts
     D:3: 1582 daAuts
  Lair:3: 1542 daAuts
  Lair:4: 1400 daAuts
   Orc:2: 1355 daAuts
     D:6: 1306 daAuts
  Lair:1: 1288 daAuts
Shoals:2: 1216 daAuts
     D:1: 1207 daAuts
